 Dungeon Crawl Stone Soup version 0.32-a0-961-gd60f5e5fc7 (webtiles) character file.

Game seed: 6297112290888662646

199 Maxmaps the Cudgeller (level 5, -1/54 HPs)
             Began as an Oni Monk on Apr 17, 2024.
             Splashed by a jelly's acid (2 damage)
             ... on level 4 of the Dungeon.
             The game lasted 00:02:40 (3030 turns).

Maxmaps the Cudgeller (Oni Monk)                    Turns: 3030, Time: 00:02:41

Health: -1/54      AC:  0    Str: 15    XL:     5   Next: 77%
Magic:  5/5        EV: 14    Int: 13    God:
Gold:   160        SH:  0    Dex: 11    Spells: 4/4 levels left

rFire   . . .        l - +0 flail
rCold   . . .        d - orb {light}
rNeg    . . .        b - +0 robe
rPois   .            (helmet restricted)
rElec   .            o - +0 cloak
rCorr   .            (gloves unavailable)
SInv    .            (boots unavailable)
Will    .....        (no amulet)
Stlth   +            m - +5 ring of evasion
HPRegen 0.29/turn    (no ring)
MPRegen 0.09/turn

%: no passive effects
@: corroded, glowing
A: large, unfitting armour, horns 1, tough skin 1, double potion healing,
drunken brawling
a: no special abilities


You were on level 4 of the Dungeon.
You visited 1 branch of the dungeon, and saw 4 of its levels.

You collected 160 gold pieces.

Inventory:

Hand Weapons
 a - a +0 mace
 k - a +0 whip
 l - a +0 flail (weapon)
Armour
 b - a +0 robe (worn)
 d - an orb of light (worn)
 o - a +0 cloak (worn)
Jewellery
 m - a +5 ring of evasion (left hand)
Scrolls
 e - a scroll of noise {unknown}
 g - 3 scrolls of identify {unknown}
 h - a scroll of revelation {unknown}
 i - 2 scrolls of amnesia {unknown}
 j - a scroll of immolation
Potions
 f - 4 potions of curing {unknown}
 n - a potion of mutation {unknown}


   Skills:
 - Level 4.0 Fighting
 + Level 6.3 Maces & Flails
 - Level 2.6 Dodging


You had 4 spell levels left.
You didn't know any spells.
Your spell library contained the following spells:

 Spells                   Type           Power      Damage    Failure   Level
 Freeze                   Ice            0%         1d3       30%         1
 Magic Dart               Conj           0%         1d3       30%         1
 Searing Ray              Conj           0%         2d4       43%         2
 Frozen Ramparts          Ice            0%         1d1       67%         3
 Fugue of the Fallen      Necr           0%         N/A       67%         3
 Hailstorm                Conj/Ice       0%         3d5       67%         3
 Ozocubu's Armour         Ice            0%         N/A       67%         3
 Fulminant Prism          Conj/Alch      0%         3d5       97%         4
 Manifold Assault         Tloc           0%         N/A       100%        7


Dungeon Overview and Level Annotations

Branches:
Dungeon (4/15)
 Temple: D:4-7

Altars:

Annotations:
D:3 1 runed translucent door, ForkInBrain's ghost, amateur TrNe


Innate Abilities, Weirdness & Mutations

You are too large for most types of armour.
You have a pair of small horns on your head.
You have tough skin. (AC +1)
You gain doubled healing and magic from potions.
Whenever you drink a healing potion, you attack all around you.


Message History

The orc misses you. The orc wizard misses you.
You take a swig of the potion and twirl your +0 flail.
You hit the orc wizard.
You kill the orc wizard!
You are confused.
You savour every drop.
You feel invigorated.
The orc hits you from afar with a +3 trident of flaming.
* * * LOW HITPOINT WARNING * * *
The orc burns you.
* * * LOW HITPOINT WARNING * * *
Unknown command.
You're too confused to move!
The orc closely misses you. The jelly closely misses you.
You hit the jelly.
Your hands burn!
* * * LOW HITPOINT WARNING * * *
You headbutt the jelly!
The jelly is heavily wounded.
A bombardier beetle comes into view.
The orc hits you from afar with a +3 trident of flaming!
* * * LOW HITPOINT WARNING * * *
The orc burns you.
* * * LOW HITPOINT WARNING * * *
The jelly hits you.
* * * LOW HITPOINT WARNING * * *
The acid corrodes you!
You are splashed with acid.
* * * LOW HITPOINT WARNING * * *
You barely miss the jelly.
The jelly is heavily wounded.
You feel less invigorated.
You feel less confused.
The orc hits you from afar with a +3 trident of flaming.
* * * LOW HITPOINT WARNING * * *
The orc burns you.
* * * LOW HITPOINT WARNING * * *
The jelly hits you.
* * * LOW HITPOINT WARNING * * *
You are splashed with acid!
* * * LOW HITPOINT WARNING * * *
You hit the jelly.
Your hands burn!
You die...

#######
#....>#
#<###.#####.#
#.# #........
#.# #..####.#
#.# #..# .# #
#.# #..#
##.##.## #.#
#..###o.....##
#.#
#...@Jo...B...
#.#
##.###B.##...
#.# #..# #..
.....
##....####
.##o# #.##.#
#.##.. #.#


You could see a bombardier beetle, a jelly, an orc wizard (invisible), an orc
and a giant cockroach.

Vanquished Creatures
  A bombardier beetle (D:3)
  An iguana (D:3)
  An orc wizard (D:4)
  4 adders
  A white imp (D:4)
  2 ribbon worms
  6 orcs
  3 bats (D:1)
  5 endoplasms
  3 giant cockroaches
  3 goblins
  8 hobgoblins
  9 kobolds
  2 quokkas (D:1)
  2 ball pythons
  4 frilled lizards
  4 rats
59 creatures vanquished.

Notes
Turn   | Place    | Note
-------+----------+-------------------------------------------
     0 | D:1      | Maxmaps the Oni Monk began the quest for the Orb.
     0 | D:1      | Reached XP level 1. HP: 24/24 MP: 1/1
   129 | D:1      | Reached XP level 2. HP: 23/32 MP: 2/2
   482 | D:1      | Reached skill level 4 in Maces & Flails
   824 | D:1      | Reached XP level 3. HP: 39/39 MP: 3/3
  1838 | D:3      | Reached XP level 4. HP: 48/48 MP: 4/4
  1948 | D:3      | Reached skill level 5 in Maces & Flails
  2144 | D:3      | Identified the +4 short sword of the Insatiable Xenops
                  | {flame, Str-4 Int+4 SInv}
  2159 | D:3      | Reached XP level 5. HP: 46/54 MP: 5/5
  2591 | D:3      | Reached skill level 6 in Maces & Flails
  2718 | D:3      | Found a runed translucent door.
  2718 | D:3      | Noticed ForkInBrain's ghost (amateur TrNe)
  3029 | D:4      | HP: 1/54 [acid (7)]
  3030 | D:4      | Splashed by a jelly's acid

Illustrated notes

Levels and vault maps discovered:
D:1:      amcnicky_arrival_blooded_trapdoor, layout_basic
D:2:      layout_basic
D:3:      layout_basic, ebering_ghost_inner_flame
D:4:      layout_loops_ring, uniq_duvessa

Skill      XL: |  1  2  3  4  5 |
---------------+----------------+-----
Maces & Flails | 4 5 6 |  6.3
Fighting       | |  4.0
Dodging        | |  2.6

Action                     |  1- 3 |  4- 6 || total
---------------------------+-------+-------++-------
  Melee: Mace              |    71 |       ||    71
         Headbutt          |    17 |    15 ||    32
         Whip              |    18 |       ||    18
         Flail             |     3 |    55 ||    58
    Use: Potion            |       |     1 ||     1
 Armour: Robe              |    69 |    42 ||   111
  Dodge: Dodged            |    44 |    30 ||    74

Table legend: (Time is in decaauts)
 A = Elapsed time spent in this place.
 B = Non-inter-level travel time spent in this place.
 C = Inter-level travel time spent in this place.
 D = Time resting spent in this place.
 E = Time spent auto-exploring this place.
 F = Levels seen in this place.
 G = Mean time per level.
                   A        B        C        D        E       F      G
               +--------+--------+--------+--------+--------+-----+--------+
         Total |   3047 |   2973 |     74 |    166 |   2407 |   4 |  761.8 |
       Dungeon |   3047 |   2973 |     74 |    166 |   2407 |   4 |  761.8 |
               +--------+--------+--------+--------+--------+-----+--------+

Top non-repeatable levels by time:
     D:3: 1271 daAuts
     D:1: 869 daAuts
     D:2: 865 daAuts
     D:4: 41 daAuts
